 Dungeon Crawl Stone Soup version 0.28.0 (webtiles) character file.

Game seed: 10004918552038552223

2632 pkoi the Destroyer (level 9, -8/62 HPs)
             Began as a White Draconian Conjurer on Feb 17, 2022.
             Was a Follower of Sif Muna.
             Shot with a sling bullet by Joseph (20 damage)
             ... on level 8 of the Dungeon.
             The game lasted 00:12:56 (13116 turns).

pkoi the Destroyer (White Draconian Conjurer)      Turns: 13116, Time: 00:12:57

Health: -8/62      AC:  8    Str: 10    XL:     9   Next: 35%
Magic:  7/16       EV: 12    Int: 23    God:    Sif Muna [*.....]
Gold:   379        SH:  0    Dex:  9    Spells: 7/18 levels left

rFire   . . .      SeeInvis .   q - staff of cold
rCold   + + .      Faith    .   (no shield)
rNeg    . . .      Spirit   .   (armour unavailable)
rPois   +          Reflect  .   (helmet restricted)
rElec   .          Harm     .   d - scarf {+Inv}
rCorr   .          Rampage  .   g - +0 pair of gloves {infuse}
Will    .....                   (no boots)
Stlth   ++........              (no amulet)
HPRegen 0.20/turn               m - ring of poison resistance
MPRegen 0.15/turn               (no ring)

@: no status effects
A: breathe frost, AC +7, unfitting armour, cold resistance 1, cold-blooded
a: Breathe Frost, Renounce Religion, Evoke Invisibility, Channel Magic


You were on level 8 of the Dungeon.
You worshipped Sif Muna.
Sif Muna was aware of your devotion.
You visited 2 branches of the dungeon, and saw 9 of its levels.

You collected 379 gold pieces.

Inventory:

Hand Weapons
 b - a +0 spear of draining
 f - a +2 dagger of speed
Missiles
 c - a throwing net
Armour
 d - a scarf of invisibility (worn)
 g - a +0 pair of gloves of infusion (worn)
Magical Staves
 l - a staff of death
 q - a staff of cold (weapon)
Jewellery
 m - a ring of poison resistance (left hand)
Wands
 v - a wand of paralysis (5)
Scrolls
 i - 2 scrolls of enchant armour
 j - 2 scrolls of teleportation
 s - 2 scrolls of identify
 t - a scroll of amnesia
 u - a scroll of silence {unknown}
Potions
 a - 5 potions of curing {unknown}
 e - a potion of haste
 h - a potion of heal wounds
 k - 4 potions of degeneration {unknown}
 n - a potion of cancellation {unknown}
 o - 2 potions of berserk rage {unknown}
 p - a potion of lignification {unknown}
 r - a potion of resistance {unknown}
 w - a potion of magic {unknown}


   Skills:
 - Level 1.7 Dodging
 - Level 1.7 Stealth
 - Level 5.0 Spellcasting
 * Level 9.5 Conjurations
 + Level 2.1 Hexes
 - Level 2.3 Necromancy
 - Level 5.0 Translocations
 - Level 3.4 Ice Magic
 + Level 3.2 Invocations
 - Level 1.1 Evocations


You had 7 spell levels left.
You knew the following spells:

 Your Spells              Type           Power      Damage    Failure   Level
a - Magic Dart            Conj           100%       1d8       1%          1
b - Searing Ray           Conj           98%        2d8       1%          2
c - Iskenderun's Mystic   Conj/Tloc      39%        2d9       4%          4
d - Fulminant Prism       Conj/Hex       16%        3d11      9%          4

Your spell library contained the following spells:

 Spells                   Type           Power      Damage    Failure   Level
 Dazzling Flash           Conj/Hex       64%        N/A       2%          3
 Animate Skeleton         Necr           32%        N/A       3%          1
 Pain                     Necr           64%        1d7       3%          1
 Slow                     Hex            60%        N/A       4%          1
 Vampiric Draining        Necr           16%        2d7       11%         3
 Confusing Touch          Hex            15%        N/A       12%         3
 Tukima's Dance           Hex            15%        N/A       12%         3
 Anguish                  Hex/Necr       8%         N/A       36%         4
 Enfeeble                 Hex            7%         N/A       100%        7


Dungeon Overview and Level Annotations

Branches:
Dungeon (8/15)             Temple (1/1) D:5
   Lair: D:8-11

Altars:
Ashenzari
Cheibriados
Dithmenos
Elyvilon
Fedhas
Gozag
Hepliaklqana
Kikubaaqudgha
Makhleb
Okawaru
Qazlal
Ru
Sif Muna
Trog
Uskayaw
Vehumet
Wu Jian
Xom
Yredelemnul
Zin
The Shining One

Shops:
D:4 *   D:7 *

Annotations:
D:5 1 runed translucent door, js333's ghost, novice DECj
D:8 Joseph


Innate Abilities, Weirdness & Mutations

You can breathe waves of freezing cold which knock back foes.
Your icy white scales are hard. (AC +7)
You cannot fit into any form of body armour.
Your flesh is cold resistant. (rC+)
You are cold-blooded and may be slowed by cold attacks.


Message History

Joseph unwields a +0 quarterstaff.
Joseph wields a +0 hunting sling.
Joseph shoots a sling bullet.
The sling bullet barely misses you.
Joseph unwields a +0 hunting sling.
Joseph wields a +0 quarterstaff.
Joseph hits you with a +0 quarterstaff!
* * * LOW HITPOINT WARNING * * *
Casting: Magic Dart (safe; 1% risk of failure)
Confirm with . or Enter, or press ? or * to list all spells.
Aiming: Searing Ray (safe; 1% risk of failure)
Press: ? - help, Shift-Dir - straight line, f - Joseph
Aim: Joseph, wielding a +0 quarterstaff, wearing a +0 ring mail and quivering sling bullets (85% to hit)
The searing ray hits Joseph!
Joseph is lightly wounded. (Press . to maintain the ray.) Joseph hits you with a +0 quarterstaff!!
* * * LOW HITPOINT WARNING * * *
The searing ray hits Joseph!
Joseph is moderately wounded.
Joseph hits you with a +0 quarterstaff.
* * * LOW HITPOINT WARNING * * *
The searing ray hits Joseph!
Joseph is moderately wounded.
Joseph hits you with a +0 quarterstaff.
* * * LOW HITPOINT WARNING * * *
The searing ray hits Joseph.
Joseph is heavily wounded.
You finish channelling your searing ray.
Joseph hits you with a +0 quarterstaff!
* * * LOW HITPOINT WARNING * * *
Unknown command.
Casting: Searing Ray (safe; 1% risk of failure)
Confirm with . or Enter, or press ? or * to list all spells.
You erupt in a blast of force!
The mystic blast hits Joseph!
Joseph is heavily wounded.
Joseph is knocked back by the mystic blast.
Unknown command.
Unknown command.
Joseph tries to grin evilly.
Joseph unwields a +0 quarterstaff.
Joseph wields a +0 hunting sling.
Joseph shoots a sling bullet.
The sling bullet hits you!!
You die...

.## ##..###
##........
#.........
#.........
##@........
#..........
#.@........
##.........
##........
#.........
#.........
##.........
##......#...
..#
##......#####
##..
##.......#
##...


You could see Joseph.

Vanquished Creatures
  Prince Ribbit (D:7)
  Sigmund (D:4)
  A wyvern (D:4)
  Menkaure (D:7)
  A water moccasin (D:8)
  A sky beast (D:5)
  6 ogres
  A centaur (D:7)
  A phantom (D:4)
  3 elf zombies (D:5)
  A kobold brigand (D:7)
  3 scorpions
  A howler monkey (D:7)
  2 bullfrog zombies
  A centaur zombie (D:8)
  3 orc priests (D:6)
  2 hounds (D:6)
  A jelly (D:5)
  A centaur skeleton (D:7)
  A human zombie (D:5)
  2 iguanas
  2 orc wizards
  5 adders
  4 gnolls (D:5)
  A shadow imp (D:6)
  2 ufetubi
  2 worms
  4 dart slugs
  18 orcs
  6 bats
  5 endoplasms
  17 giant cockroaches
  7 goblins
  7 hobgoblins
  6 quokkas
  5 ball pythons
  3 frilled lizards
  11 kobolds
  2 orc skeletons (D:5)
  8 rats
150 creatures vanquished.

Notes
Turn   | Place    | Note
-------+----------+-------------------------------------------
     0 | D:1      | pkoi the Draconian Conjurer began the quest for the Orb.
     0 | D:1      | Reached XP level 1. HP: 14/14 MP: 3/3
   432 | D:1      | Reached XP level 2. HP: 16/20 MP: 0/5
   823 | D:1      | Learned a level 2 spell: Searing Ray
  1275 | D:1      | Reached skill level 5 in Conjurations
  1526 | D:1      | Reached XP level 3. HP: 24/26 MP: 1/6
  2836 | D:2      | Found a faded altar of an unknown god.
  3148 | D:2      | Reached XP level 4. HP: 33/33 MP: 2/7
  3592 | D:3      | Learned a level 4 spell: Iskenderun's Mystic Blast
  3980 | D:3      | Found a hide-covered altar of Uskayaw.
  3980 | D:3      | Found a shadowy altar of Dithmenos.
  4116 | D:3      | Noticed a scorpion
  4128 | D:3      | Killed a scorpion
  4129 | D:3      | Reached skill level 6 in Conjurations
  4129 | D:3      | Reached skill level 1 in Translocations
  4129 | D:3      | Reached XP level 5. HP: 22/38 MP: 1/8
  5609 | D:4      | Noticed a wyvern
  5622 | D:4      | Killed a wyvern
  5623 | D:4      | Reached XP level 6. HP: 34/45 MP: 0/10
  5993 | D:4      | Reached skill level 7 in Conjurations
  6273 | D:4      | Noticed Sigmund
  6280 | D:4      | Killed Sigmund
  6281 | D:4      | Your scales start taking on an icy white colour.
  6281 | D:4      | Reached XP level 7. HP: 45/50 MP: 1/12
  6281 | D:4      | Gained mutation: Your flesh is cold resistant. (rC+) [White
                  | Draconian growth]
  6808 | D:4      | Found Biepile's Assorted Antiques.
  6842 | D:5      | Entered Level 5 of the Dungeon
  7163 | D:5      | Reached skill level 1 in Ice Magic
  7190 | D:5      | Found a runed translucent door.
  7566 | D:5      | Noticed js333's ghost (novice DECj)
  7735 | D:5      | Found a shimmering blue altar of Sif Muna.
  7799 | D:5      | Reached skill level 8 in Conjurations
  7889 | D:5      | Found a stormy altar of Qazlal.
  8231 | D:5      | Reached XP level 8. HP: 42/57 MP: 0/14
  8870 | D:5      | Found a bloodstained altar of Trog.
  8946 | D:5      | Found a staircase to the Ecumenical Temple.
  8952 | Temple   | Entered the Ecumenical Temple
  9157 | D:5      | Became a worshipper of Sif Muna the Loreminder
  9756 | D:6      | Reached skill level 1 in Invocations
  9976 | D:6      | HP: 2/57 [poisoned by an orc wizard]
 10312 | D:6      | Noticed a two-headed ogre
 10336 | D:5      | Learned a level 4 spell: Fulminant Prism
 10647 | D:7      | Found Moaroqur's General Store.
 10993 | D:7      | Noticed Prince Ribbit
 11002 | D:7      | Killed Prince Ribbit
 11003 | D:7      | Reached skill level 9 in Conjurations
 11003 | D:7      | Reached skill level 1 in Hexes
 11003 | D:7      | Reached skill level 1 in Necromancy
 11003 | D:7      | Reached skill level 1 in Evocations
 11319 | D:7      | Noticed Menkaure
 11324 | D:7      | Killed Menkaure
 11405 | D:6      | Reached XP level 9. HP: 55/62 MP: 5/16
 12445 | D:7      | Reached skill level 5 in Spellcasting
 12731 | D:8      | Reached * piety under Sif Muna
 12916 | D:8      | Reached skill level 5 in Translocations
 13104 | D:8      | Noticed Joseph
 13116 | D:8      | Shot with a sling bullet by Joseph

Illustrated notes

Levels and vault maps discovered:
D:1:      lightli_molten_gateway, layout_loops_ring, dk_noncrumbling_3
D:2:      minmay_roachtagon, layout_basic,
          dreamdust_ecumenical_altar_hidden_monk_grotto
D:3:      mumra_celtic_spiral_tile, layout_loops_corners,
          gammafunk_temple_overflow_wave
D:4:      nicolae_cairo_tiling, layout_loops_cross, serial_shops,
          kennysheep_little_box, minmay_circle_x, uniq_sigmund
D:5:      layout_cave_pools, trog_book, nicolae_sif_muna_condensation,
          lemuel_crystal_altar, minmay_temple_entry_hall, ebering_ghost_sewer_d,
          nicolae_ossuary_entry_catacombs
D:6:      layout_loops_corners
D:7:      layout_gridville, serial_shops, nicolae_stop_n_shop_2, minmay_holes,
          uniq_prince_ribbit1, uniq_menkaure
D:8:      layout_cave_pods, grunt_lair_entry_orc_guard_hut, uniq_joseph
Temple:   nicolae_temple_elliptical

Skill      XL: |  1  2  3  4  5  6  7  8  9 |
---------------+----------------------------+-----
Conjurations   | 5 6 7 8 9 |  9.5
Translocations | 1 2 3 4 5 |  5.0
Spellcasting   | 3 4 5 |  5.0
Ice Magic      | 2 3 |  3.4
Invocations    | 2 3 |  3.2
Hexes          | 1 2 |  2.1
Necromancy     | 1 2 |  2.3
Evocations     | 1 |  1.1
Dodging        | |  1.7
Stealth        | |  1.7

Action                   |  1- 3 |  4- 6 |  7- 9 || total
-------------------------+-------+-------+-------++-------
Melee: Spear             |    20 |       |       ||    20
       Unarmed           |    10 |       |       ||    10
       Tailslap          |    13 |     5 |     3 ||    21
       Punch             |     2 |       |       ||     2
       Dagger            |    56 |    17 |       ||    73
       Staff             |       |       |    33 ||    33
 Cast: Magic Dart        |    85 |    48 |    93 ||   226
       Searing Ray       |     1 |     9 |    47 ||    57
       Iskenderun's Myst |       |       |     5 ||     5
 Abil: Breathe Frost     |       |       |     1 ||     1
  Use: Scroll            |       |       |    10 ||    10
Armor: Skin              |    29 |     3 |    50 ||    82
Dodge: Dodged            |    61 |    17 |    94 ||   172
